Map: Acropolis LE

Players

AGOElazer (Elazer)

  • Race: Zerg Zerg
  • League: Master
  • Spawn Location: 11:00

llllllllllll (Trap) - Winner!

  • Race: Protoss Protoss
  • League: Master
  • Spawn Location: 5:00

Event: HomeStory Cup XX

VOD

Have the link to the VOD?

Description

Time

  • Played on: Nov. 21, 2019, 7:52 a.m.
  • Length: 12:54

All games in this series

Show
View Real Time Build Order
Export as new Build Order

AGOElazer Zerg 

Build Orders: Hatch First 

Get SALT Encoding   

  12  0:00  Drone  
  13  0:12  Overlord  
  13  0:17  Drone  
  14  0:30  Drone x2  
  16  0:48  Hatchery  
  15  0:51  Drone  
  15  0:54  Drone  
  17  0:57  Drone  
  18  1:08  Extractor  
  17  1:12  Spawning Pool  
  17  1:16  Drone  
  17  1:19  Drone  
  18  1:27  Drone  
  19  1:38  Drone  
  20  1:49  Drone  
  21  2:00  Queen x2  
  26  2:01  Zergling x2  
  26  2:04  Overlord  
  26  2:11  Zergling x2, Drone  
  28  2:22  Drone x2  
  30  2:28  Hatchery  
  29  2:36  Drone x2  
  31  2:41  Queen  
  33  2:46  Metabolic Boost  
  33  2:50  Overlord  
  33  2:53  Drone  
  33  2:55  Drone  
  33  2:57  Drone  
  36  3:09  Overlord  
  36  3:10  Drone x2  
  36  3:11  Drone x2  
  40  3:13  Drone  
  40  3:15  Drone  
  40  3:19  Queen  
  42  3:24  Overlord  
  44  3:27  Zergling x2  
  44  3:30  Zergling x2  
  44  3:31  Drone  
  44  3:32  Drone  
  48  3:42  Drone x6  
  54  3:48  Spore Crawler  
  54  3:51  Spore Crawler, Drone  
  54  3:54  Spore Crawler  
  52  3:59  Queen  
  52  4:01  Overlord  
  52  4:02  Drone  
  55  4:03  Drone  
  55  4:07  Overlord  
  55  4:09  Drone x2  
  58  4:13  Drone  
  58  4:14  Drone  
  58  4:15  Drone  
  57  4:18  Drone  
  57  4:21  Overlord  
  57  4:22  Drone x2  
  60  4:28  Lair  
  60  4:32  Drone x3  
  60  4:33  Drone  
  60  4:35  Drone x2  
  60  4:37  Drone  
  67  4:39  Drone x2  
  67  4:43  Queen  
  70  4:45  Overlord  
  70  4:46  Drone  
  70  4:48  Drone  
  70  4:50  Extractor  
  71  4:53  Drone, Evolution Chamber  
  71  4:54  Extractor  
  71  4:55  Overlord  
  71  4:58  Drone x3  
  72  5:01  Drone x2  
  72  5:06  Drone  
  73  5:07  Drone  
  73  5:08  Drone x3  
  73  5:13  Drone x3  
  77  5:14  Overlord  
  77  5:18  Zerg Melee Weapons Level 1  
  77  5:24  Drone x2  
  77  5:25  Extractor  
  77  5:27  Extractor x2, Drone x2  
  77  5:28  Hydralisk Den  
  77  5:29  Baneling Nest  
  76  5:36  Overlord  
  76  5:37  Zergling x6  
  76  5:41  Overlord  
  76  5:42  Drone x2  
  81  5:50  Drone x3  
  81  5:52  Drone  
  81  5:53  Drone x2  
  87  5:58  Overlord  
  87  5:59  Zergling x4  
  89  6:05  Grooved Spines, Hydralisk x3  
  89  6:06  Hatchery  
  89  6:08  Spore Crawler  
  94  6:12  Overlord  
  94  6:14  Overlord  
  94  6:16  Hydralisk x3  
  100  6:20  Drone x3  
  100  6:23  Centrifical Hooks  
  103  6:28  Overlord  
  103  6:30  Hydralisk x2  
  107  6:33  Overseer  
  107  6:36  Overlord  
  107  6:38  Hydralisk x2  
  110  6:43  Zergling x10  
  113  6:48  Overlord  
  113  6:50  Hydralisk x3  
  113  6:52  Zergling x4  
  119  6:57  Zergling x6  
  119  7:00  Overlord  
  121  7:04  Baneling x2, Hydralisk x3  
  121  7:06  Zergling x4  
  129  7:13  Zerg Melee Weapons Level 2  
  129  7:14  Overlord  
  129  7:17  Muscular Augments  
  129  7:19  Zergling x10  
  134  7:23  Zergling x8  
  138  7:31  Zergling x2  
  138  7:32  Zergling x12  
  145  7:41  Zergling x8  
  149  7:47  Hydralisk x3  
  154  7:52  Zergling x8  
  158  7:58  Baneling x9  
  158  7:59  Baneling x8  
  158  8:01  Hydralisk x3  
  163  8:05  Zergling x2  
  163  8:06  Zergling x6  
  163  8:11  Zergling x8  
  171  8:18  Zergling x12  
  171  8:19  Baneling x9  
  176  8:23  Zergling x6  
  179  8:29  Zergling x2  
  179  8:30  Zergling x14  
  179  8:31  Baneling x2  
  179  8:32  Baneling x2  
  179  8:33  Baneling  
  187  8:47  Overlord  
  176  9:01  Zergling x18  
  153  9:06  Hydralisk x9  
  153  9:08  Zergling x4  
  139  9:12  Zergling x2  
  129  9:17  Hydralisk x3  
  129  9:21  Hydralisk x3  
  129  9:23  Overseer  
  131  9:25  Baneling x9, Hydralisk x2  
  131  9:29  Hydralisk x2  
  139  9:31  Zergling x2  
  139  9:32  Zergling x2  
  139  9:34  Baneling x5  
  139  9:36  Zergling x2  
  139  9:38  Baneling x3  
  142  9:43  Zergling x2  
  142  9:44  Zergling x10  
  141  9:49  Zergling x12  
  128  9:59  Hydralisk x5  
  114  10:01  Zergling x2  
  114  10:03  Zergling x6  
  117  10:13  Hydralisk  
  117  10:14  Hydralisk x3  
  106  10:16  Hydralisk  
  106  10:19  Hydralisk  
  107  10:25  Hydralisk x4  
  115  10:34  Hydralisk x3  
  121  10:37  Hydralisk  
  121  10:38  Zergling x2  
  121  10:39  Queen x2  
  126  10:47  Zergling x6  
  129  10:54  Queen  
  129  10:55  Hydralisk x4  
  139  11:00  Hydralisk x2  
  143  11:07  Overseer  
  143  11:08  Hydralisk, Overlord  
  145  11:15  Extractor, Hydralisk  
  145  11:16  Zergling x6  
  145  11:17  Baneling  
  145  11:18  Baneling x6  
  149  11:19  Baneling x2  
  149  11:23  Zergling x2  
  149  11:24  Zergling x4  
  149  11:25  Hatchery  
  151  11:32  Zergling x4  
  153  11:35  Baneling x11  
  153  11:37  Zergling x6, Baneling  
  156  11:43  Baneling  
  156  11:44  Zergling x6  
  158  11:48  Queen  
  158  11:49  Baneling x8  
  158  11:52  Zergling x2  
  161  11:56  Zergling x2  
  161  11:57  Zergling x14  
  169  12:03  Zergling x10  
  169  12:07  Baneling x7  
  174  12:13  Zergling x4  
  176  12:20  Overlord  
  176  12:21  Baneling, Overlord  
  176  12:22  Baneling x14  
Show
View Real Time Build Order
Export as new Build Order

llllllllllll Protoss - Winner!

Build Orders: 1 Gate Expand, Oracle Opening, Phoenix Opening, Archon Immortal 

Get SALT Encoding   

  12  0:00  Probe  
  13  0:12  Probe  
  14  0:18  Pylon  
  14  0:24  Probe  
  15  0:32  Probe  
  15  0:40  Probe  
  16  0:45  Gateway  
  16  0:47  Assimilator  
  17  0:51  Probe  
  18  1:03  Probe  
  19  1:15  Probe  
  20  1:23  Nexus  
  20  1:33  Cybernetics Core  
  20  1:36  Probe  
  21  1:45  Assimilator  
  21  1:48  Probe  
  21  1:53  Pylon  
  22  2:00  Probe  
  23  2:08  Probe  
  23  2:11  Adept  
  26  2:16  Probe, Stargate  
  27  2:26  Warp Gate, Probe  
  28  2:31  Probe  
  29  2:38  Probe  
  29  2:39  Probe  
  29  2:41  Adept  
  33  2:49  Probe  
  33  2:51  Probe, Phoenix  
  35  3:01  Probe  
  35  3:03  Probe  
  35  3:04  Oracle  
  39  3:07  Pylon  
  39  3:13  Probe  
  39  3:15  Probe  
  44  3:26  Probe, Gateway  
  45  3:27  Probe  
  45  3:29  Assimilator  
  45  3:31  Assimilator  
  46  3:35  Oracle  
  46  3:38  Probe  
  46  3:39  Probe  
  48  3:45  Pylon  
  51  3:50  Probe  
  51  3:51  Probe  
  53  4:00  Robotics Facility  
  54  4:02  Probe  
  54  4:03  Probe  
  54  4:04  Pylon  
  55  4:18  Probe x2  
  55  4:23  Adept  
  59  4:24  Adept  
  61  4:33  Nexus  
  61  4:36  Pylon  
  61  4:37  Pylon  
  61  4:39  Probe x2  
  63  4:49  Sentry x2  
  67  4:54  Pylon, Immortal  
  67  4:55  Probe x2  
  71  5:09  Probe x2  
  71  5:10  Forge  
  71  5:12  Twilight Council  
  68  5:16  Sentry x2  
  68  5:18  Probe x2  
  72  5:24  Gateway  
  72  5:26  Probe x2  
  72  5:27  Gateway  
  74  5:29  Observer  
  77  5:35  Probe x2  
  77  5:37  Robotics Bay  
  79  5:44  Protoss Ground Weapons Level 1  
  79  5:45  Probe  
  79  5:47  Probe  
  79  5:48  Charge, Probe  
  82  5:52  Immortal  
  82  5:53  Assimilator  
  86  5:59  Assimilator  
  86  6:00  Probe  
  86  6:01  Probe  
  86  6:02  Probe  
  89  6:04  Pylon  
  89  6:12  Probe  
  89  6:13  Probe  
  89  6:14  Probe  
  89  6:15  Robotics Facility  
  89  6:18  Colossus  
  92  6:25  Stalker x2  
  96  6:29  Zealot  
  96  6:30  Zealot  
  106  6:36  Extended Thermal Lance  
  106  6:45  Colossus  
  104  6:56  Colossus  
  103  7:02  Pylon  
  103  7:05  Pylon  
  109  7:08  Pylon  
  109  7:09  Gateway  
  109  7:10  Gateway  
  109  7:13  Gateway  
  109  7:14  Gateway  
  109  7:15  Pylon, Templar Archives  
  115  7:31  Warp Prism  
  115  7:35  Pylon  
  115  7:40  Immortal  
  115  7:42  Photon Cannon  
  117  7:50  Photon Cannon  
  121  7:51  Protoss Ground Weapons Level 2  
  121  7:52  Zealot  
  121  7:55  High Templar x2  
  127  7:58  Gateway  
  127  7:59  Archon  
  127  8:00  Gateway  
  127  8:03  Observer  
  128  8:15  High Templar  
  128  8:16  High Templar, Zealot x4  
  128  8:19  Immortal, Nexus  
  142  8:22  Pylon  
  142  8:24  Pylon  
  142  8:40  Archon  
  139  8:45  Zealot x2  
  139  8:46  Zealot x2  
  139  8:47  Sentry  
  139  8:48  Zealot x3  
  94  9:12  High Templar x3  
  94  9:13  High Templar, Zealot x6  
  110  9:18  Archon x2, Probe x3  
  109  9:26  Probe x3  
  112  9:31  Probe  
  112  9:33  Pylon, High Templar  
  112  9:34  High Templar, Zealot x2  
  112  9:35  Zealot x2  
  112  9:36  Probe x2  
  112  9:37  Archon  
  127  9:39  Probe  
  127  9:44  Probe  
  125  9:48  Probe x2  
  101  9:56  Zealot x3  
  101  9:57  Zealot x4  
  101  9:59  Colossus x2  
  99  10:02  Zealot  
  99  10:05  Probe x3  
  98  10:23  Observer  
  98  10:24  High Templar  
  98  10:25  High Templar x3  
  106  10:30  Archon x2  
  106  10:32  Photon Cannon  
  106  10:34  Photon Cannon  
  106  10:37  Observer  
  106  10:39  Colossus  
  108  10:42  Probe x2  
  108  10:43  Assimilator, Probe x2  
  108  10:47  Assimilator  
  110  10:50  Colossus  
  122  11:07  Photon Cannon  
  122  11:08  Probe x2  
  122  11:09  Probe, Photon Cannon  
  126  11:12  Shield Battery, Observer  
  126  11:17  High Templar x2  
  126  11:18  Zealot x3  
  135  11:19  Shield Battery, Psionic Storm  
  135  11:21  Archon  
  135  11:24  Immortal  
  135  11:26  Zealot x3  
  135  11:30  Pylon  
  141  11:35  Immortal  
  148  11:54  Pylon  
  148  11:57  High Templar x2  
  148  11:58  High Templar  
  148  12:00  Zealot x4  
  160  12:05  Archon, High Templar  
  160  12:07  Zealot x2  
  126  12:38  Zealot x3  
  126  12:40  Zealot x3  
  126  12:43  Zealot x3  
  126  12:44  Zealot  
  127  12:50  Archon  
Tags
 
Add a new tag
Caveats
  • Supply blocks, unpowered buildings, or Contaminate may cause inaccurate times.
  • Supply counts are checked every 10 seconds.